3AA
BETHESDA ATOMS @ MINNESOTA LOONS
09/16/2042
 
TOP OF THE 1ST
Bethesda Atoms batting - Pitching for Minnesota Loons : RHP Fred Olsen
Pitching: RHP Fred Olsen
Batting: SHB Mikk Tamm 0-0: Called Strike
0-1: Swinging Strike
0-2: SINGLE (Line Drive, 9LS, EV 88.8 MPH)
Batting: SHB Christian Davis 0-0: Called Strike
Mikk Tamm steals 2nd base
0-1: TRIPLE (Flyball, 78XD, EV 110.0 MPH)
Mikk Tamm scores
Batting: LHB Steve Hodge 0-0: Ball
1-0: Foul Ball, location: 2F
1-1: Ball
2-1: Ball
3-1: Base on Balls
Batting: RHB Rubén Nuañez 0-0: Ball
1-0: Called Strike
1-1: Called Strike
1-2: Ball
2-2: Strikes out swinging
Batting: LHB José Costa 0-0: Called Strike
0-1: Called Strike
0-2: Ball
Wild Pitch!
Christian Davis scores
Steve Hodge to second
1-2: Fly out, F5 (Popup, 56S, EV 70.6 MPH)
Batting: RHB Will Gamble 0-0: Called Strike
0-1: TRIPLE (Line Drive, 9D, EV 110.6 MPH)
Steve Hodge scores
Batting: LHB Jin-song Au-Yong 0-0: Called Strike
0-1: Ball
1-1: Swinging Strike
1-2: Foul Ball, location: 2F
1-2: Ball
2-2: Strikes out swinging
Top of the 1st over - 3 runs, 3 hits, 0 errors, 1 left on base; Bethesda 3 - Minnesota 0
BOTTOM OF THE 1ST
Minnesota Loons batting - Pitching for Bethesda Atoms : LHP Wes Hunter
Pitching: LHP Wes Hunter
Batting: LHB Steve Williams 0-0: Called Strike
0-1: Ball
1-1: Ball
2-1: Called Strike
2-2: Ball
3-2: Base on Balls
Batting: RHB Dan Barnes 0-0: SINGLE (Groundball, 6MD, EV 100.6 MPH)
Steve Williams to second
Batting: RHB Sergei Adjubei 0-0: Ball
1-0: Ball
2-0: Ball
3-0: Called Strike
3-1: SINGLE (Groundball, 6MD, EV 101.9 MPH)
Steve Williams to third
Dan Barnes to second
Batting: SHB Pavlushenka Galanov 0-0: Foul Ball, location: 2F
0-1: Grounds into double play, 6-4-3 (Groundball, 6, EV 86.9 MPH)
Steve Williams scores
Dan Barnes to third
Batting: RHB Alberto Zúñiga 0-0: Ball
1-0: Swinging Strike
1-1: Ball
2-1: Ball
3-1: Called Strike
3-2: Strikes out swinging
Bottom of the 1st over - 1 run, 2 hits, 0 errors, 1 left on base; Bethesda 3 - Minnesota 1
TOP OF THE 2ND
Bethesda Atoms batting - Pitching for Minnesota Loons : RHP Fred Olsen
Batting: RHB Pepe Rodríguez 0-0: Ball
1-0: Called Strike
1-1: SINGLE (Line Drive, 7S, EV 96.9 MPH)
Batting: RHB Anthony McGee 0-0: Ball
1-0: Called Strike
1-1: Ball
2-1: Ball
3-1: Foul Ball, location: 2F
3-2: Base on Balls
Pepe Rodríguez to second
Batting: SHB Mikk Tamm 0-0: Grounds into double play, 4-6-3 (Groundball, 4, EV 88.8 MPH)
Pepe Rodríguez to third
Batting: SHB Christian Davis 0-0: SINGLE (Line Drive, 8RS, EV 101.9 MPH)
Pepe Rodríguez scores
Batting: LHB Steve Hodge 0-0: Ball
1-0: Called Strike
1-1: Ball
2-1: Fly out, F7 (Flyball, 7, EV 85.6 MPH)
Top of the 2nd over - 1 run, 2 hits, 0 errors, 1 left on base; Bethesda 4 - Minnesota 1
BOTTOM OF THE 2ND
Minnesota Loons batting - Pitching for Bethesda Atoms : LHP Wes Hunter
Batting: RHB José Garrastazu 0-0: Ball
1-0: Ground out 5-3 (Groundball, 56S, EV 70.6 MPH)
Batting: RHB Martin Mullinger 0-0: Ball
1-0: Ball
2-0: Fly out, F8 (Flyball, 8RM, EV 85.0 MPH)
Batting: RHB Tso-i Joo 0-0: Ground out 6-3 (Groundball, 6, EV 77.5 MPH)
Bottom of the 2nd over - 0 runs, 0 hits, 0 errors, 0 left on base; Bethesda 4 - Minnesota 1
TOP OF THE 3RD
Bethesda Atoms batting - Pitching for Minnesota Loons : RHP Fred Olsen
Batting: RHB Rubén Nuañez 0-0: Called Strike
0-1: Ball
1-1: Ball
2-1: Called Strike
2-2: Strikes out swinging
Batting: LHB José Costa 0-0: Ball
1-0: Swinging Strike
1-1: Called Strike
1-2: Ball
2-2: Ball
3-2: Ground out U3 (Groundball, 3, EV 81.9 MPH)
Batting: RHB Will Gamble 0-0: Fly out, F8 (Flyball, 8RM, EV 81.2 MPH)
Top of the 3rd over - 0 runs, 0 hits, 0 errors, 0 left on base; Bethesda 4 - Minnesota 1
BOTTOM OF THE 3RD
Minnesota Loons batting - Pitching for Bethesda Atoms : LHP Wes Hunter
Batting: LHB Derrek Guthrie 0-0: Ground out 4-3 (Groundball, 34, EV 90.6 MPH)
Batting: LHB Steve Williams 0-0: Called Strike
0-1: Fly out, F4 (Popup, 3S, EV 76.9 MPH)
Batting: RHB Dan Barnes 0-0: SINGLE (Groundball, 56D, EV 108.1 MPH)
Batting: RHB Sergei Adjubei 0-0: Ball
1-0: Called Strike
1-1: Ball
2-1: Fly out, F8 (Line Drive, 8LD, EV 90.6 MPH)
Bottom of the 3rd over - 0 runs, 1 hit, 0 errors, 1 left on base; Bethesda 4 - Minnesota 1
TOP OF THE 4TH
Bethesda Atoms batting - Pitching for Minnesota Loons : RHP Fred Olsen
Batting: LHB Jin-song Au-Yong 0-0: Called Strike
0-1: Swinging Strike
0-2: Ball
1-2: Ground out 4-3 (Groundball, 4S, EV 71.2 MPH)
Batting: RHB Pepe Rodríguez 0-0: Ball
1-0: Called Strike
1-1: Ball
2-1: Ball
3-1: Called Strike
3-2: Base on Balls
Batting: RHB Anthony McGee 0-0: Ball
1-0: Ball
2-0: Called Strike
2-1: Fly out, F8 (Flyball, 8RM, EV 96.2 MPH)
Batting: SHB Mikk Tamm 0-0: Ball
1-0: Called Strike
1-1: Fielders Choice at 2nd, 5-4 (Groundball, 56, EV 80.6 MPH)
Top of the 4th over - 0 runs, 0 hits, 0 errors, 1 left on base; Bethesda 4 - Minnesota 1
BOTTOM OF THE 4TH
Minnesota Loons batting - Pitching for Bethesda Atoms : LHP Wes Hunter
Batting: SHB Pavlushenka Galanov 0-0: Fly out, F8 (Flyball, 8LXD, EV 97.5 MPH)
Batting: RHB Alberto Zúñiga 0-0: Ball
1-0: SINGLE (Groundball, 6MD, EV 101.2 MPH)
Batting: RHB José Garrastazu 0-0: Called Strike
0-1: Ball
1-1: Called Strike
1-2: Strikes out looking
Batting: RHB Martin Mullinger 0-0: Called Strike
0-1: Ball
1-1: Fly out, F3 (Popup, 3SF, EV 88.1 MPH)
Bottom of the 4th over - 0 runs, 1 hit, 0 errors, 1 left on base; Bethesda 4 - Minnesota 1
TOP OF THE 5TH
Bethesda Atoms batting - Pitching for Minnesota Loons : RHP Fred Olsen
Batting: SHB Christian Davis 0-0: Called Strike
0-1: Called Strike
0-2: Ball
1-2: Ball
2-2: Foul Ball, location: 2F
2-2: Ball
3-2: Foul Ball, location: 2F
3-2: SINGLE (Flyball, 89M, EV 96.9 MPH)
Batting: LHB Steve Hodge 0-0: Called Strike
0-1: Ball
1-1: SINGLE (Groundball, 56S, EV 70.0 MPH) (infield hit)
Christian Davis to second
Batting: RHB Rubén Nuañez 0-0: DOUBLE (Line Drive, 7LM, EV 103.1 MPH)
Christian Davis scores
Steve Hodge to third
Runner from 3rd tries for Home, SAFE, throw by LF to home
Pitching: LHP Rafael Gallegos
Batting: LHB José Costa 0-0: SINGLE (Line Drive, 9LM, EV 103.8 MPH)
Rubén Nuañez to third
Batting: RHB Will Gamble 0-0: Ball
1-0: SINGLE (Groundball, 56D, EV 103.1 MPH)
Rubén Nuañez scores
José Costa to second
Batting: LHB Jin-song Au-Yong 0-0: Foul Ball, location: 2F
0-1: Foul Ball, location: 2F
0-2: Fly out, F6 (Popup, 6M, EV 75.0 MPH)
Batting: RHB Pepe Rodríguez 0-0: SINGLE (Line Drive, 8LS, EV 110.0 MPH)
José Costa to third
Will Gamble to second
Batting: RHB Anthony McGee 0-0: Ball
1-0: Foul Ball, location: 2F
1-1: Fly out, F7 (Line Drive, 7, EV 96.2 MPH)
Runner from 3rd tags up, SCORES, throw by LF
Will Gamble to third
Batting: SHB Mikk Tamm 0-0: Ball
1-0: Swinging Strike
1-1: Ball
2-1: Foul Ball, location: 2F
2-2: Strikes out swinging
Top of the 5th over - 4 runs, 6 hits, 0 errors, 2 left on base; Bethesda 8 - Minnesota 1
BOTTOM OF THE 5TH
Minnesota Loons batting - Pitching for Bethesda Atoms : LHP Wes Hunter
Batting: RHB Tso-i Joo 0-0: Fly out, F9 (Flyball, 9D, EV 96.2 MPH)
Batting: LHB Derrek Guthrie 0-0: Foul Ball, location: 2F
0-1: DOUBLE (Line Drive, 78D, EV 108.8 MPH)
Batting: LHB Steve Williams 0-0: Ball
1-0: Fly out, F8 (Flyball, 8RS, EV 91.9 MPH)
Batting: RHB Dan Barnes Balk!
Derrek Guthrie to third
0-0: Ball
1-0: SINGLE (Line Drive, 89M, EV 98.1 MPH)
Derrek Guthrie scores
Batting: RHB Sergei Adjubei 0-0: Fly out, F6 (Popup, 6MS, EV 79.4 MPH)
Bottom of the 5th over - 1 run, 2 hits, 0 errors, 1 left on base; Bethesda 8 - Minnesota 2
TOP OF THE 6TH
Bethesda Atoms batting - Pitching for Minnesota Loons : LHP Rafael Gallegos
Batting: SHB Christian Davis 0-0: Ball
1-0: SINGLE (Groundball, 56, EV 107.5 MPH)
Batting: LHB Steve Hodge 0-0: Fly out, F9 (Line Drive, 9, EV 88.1 MPH)
Batting: RHB Rubén Nuañez 0-0: Ball
1-0: Ball
2-0: Ball
3-0: Ground out 6-3 (Groundball, 6S, EV 61.9 MPH)
Christian Davis to second
Batting: LHB José Costa 0-0: Called Strike
0-1: Swinging Strike
0-2: Strikes out swinging
Top of the 6th over - 0 runs, 1 hit, 0 errors, 1 left on base; Bethesda 8 - Minnesota 2
BOTTOM OF THE 6TH
Minnesota Loons batting - Pitching for Bethesda Atoms : LHP Wes Hunter
Batting: SHB Pavlushenka Galanov 0-0: Called Strike
0-1: SINGLE (Groundball, 6MD, EV 98.1 MPH)
Batting: RHB Alberto Zúñiga 0-0: SINGLE (Groundball, 6D, EV 100.6 MPH)
Pavlushenka Galanov to second
Batting: RHB José Garrastazu 0-0: Called Strike
0-1: Ball
1-1: Ball
2-1: Ball
3-1: Swinging Strike
3-2: Base on Balls
Pavlushenka Galanov to third
Alberto Zúñiga to second
Batting: RHB Martin Mullinger 0-0: Called Strike
0-1: Ball
1-1: Foul Ball, location: 2F
1-2: Foul Ball, location: 2F
1-2: SINGLE (Groundball, 6MD, EV 104.4 MPH)
Pavlushenka Galanov scores
Alberto Zúñiga to third
José Garrastazu to second
Runner from 3rd tries for Home, SAFE, throw by CF to home
Batting: RHB Tso-i Joo 0-0: Called Strike
0-1: Fly out, F8 (Line Drive, 8RD, EV 91.2 MPH)
Runner from 2nd tags up, SAFE at 3rd with throw by CF
Batting: LHB Derrek Guthrie 0-0: Swinging Strike
0-1: Foul Ball, location: 2F
0-2: Foul Ball, location: 2F
0-2: SINGLE (Flyball, 9LS, EV 88.1 MPH)
José Garrastazu scores
Martin Mullinger to second
Runner from 2nd tries for 3rd, SAFE, throw by RF made to third
Batting: LHB Steve Williams 0-0: Ball
1-0: Foul Ball, location: 2F
1-1: Foul Ball, location: 2F
1-2: Foul Ball, location: 2F
1-2: Strikes out swinging
Batting: RHB Dan Barnes 0-0: Fielders Choice at 2nd, 6-4 (Groundball, 6, EV 81.9 MPH)
Bottom of the 6th over - 3 runs, 4 hits, 0 errors, 2 left on base; Bethesda 8 - Minnesota 5
TOP OF THE 7TH
Bethesda Atoms batting - Pitching for Minnesota Loons : LHP Rafael Gallegos
Batting: RHB Will Gamble 0-0: Foul Ball, location: 2F
0-1: Ground out 4-3 (Groundball, 4, EV 96.9 MPH)
Batting: LHB Jin-song Au-Yong 0-0: Called Strike
0-1: Foul Ball, location: 2F
0-2: Ball
1-2: Ball
2-2: Fly out, F7 (Line Drive, 7D, EV 108.1 MPH)
Batting: RHB Pepe Rodríguez 0-0: SOLO HOME RUN (Flyball, 7D, EV 114.4 MPH), Distance : 367 ft
Batting: RHB Anthony McGee 0-0: Ball
1-0: Called Strike
1-1: Foul Ball, location: 2F
1-2: Strikes out swinging
Top of the 7th over - 1 run, 1 hit, 0 errors, 0 left on base; Bethesda 9 - Minnesota 5
BOTTOM OF THE 7TH
Minnesota Loons batting - Pitching for Bethesda Atoms : LHP Wes Hunter
Pitching: RHP Kang-keun Yong
Batting: RHB Sergei Adjubei 0-0: Ball
1-0: Fly out, F5 (Popup, 5S, EV 83.8 MPH)
Batting: SHB Pavlushenka Galanov 0-0: Ground out 1-3 (Groundball, 34S, EV 86.9 MPH)
Batting: RHB Alberto Zúñiga 0-0: Ball
1-0: Called Strike
1-1: Ball
2-1: Called Strike
2-2: SINGLE (Groundball, 6MD, EV 99.4 MPH)
Batting: RHB José Garrastazu 0-0: Called Strike
0-1: Called Strike
0-2: Ball
1-2: Foul Ball, location: 2F
1-2: Foul Ball, location: 2F
1-2: Ball
2-2: Ball
3-2: Ground out 5-3 (Groundball, 56, EV 105.0 MPH)
Bottom of the 7th over - 0 runs, 1 hit, 0 errors, 1 left on base; Bethesda 9 - Minnesota 5
TOP OF THE 8TH
Bethesda Atoms batting - Pitching for Minnesota Loons : LHP Rafael Gallegos
Batting: SHB Mikk Tamm 0-0: Ball
1-0: Ball
2-0: Called Strike
2-1: Swinging Strike
2-2: Ball
3-2: Foul Ball, location: 2F
3-2: Foul Ball, location: 2F
3-2: Foul Ball, location: 2F
3-2: Base on Balls
Pitching: RHP John Lee
Batting: SHB Christian Davis 0-0: Sac Bunt to 5S - play at first, batter OUT! 5-3
Mikk Tamm to second
Batting: LHB Steve Hodge 0-0: Foul Ball, location: 2F
0-1: Ball
1-1: Swinging Strike
1-2: Strikes out swinging
Batting: RHB Rubén Nuañez 0-0: Ball
1-0: 2-RUN HOME RUN (Line Drive, 8RXD, EV 97.5 MPH), Distance : 437 ft
Batting: LHB José Costa 0-0: Ball
1-0: Ball
2-0: Called Strike
2-1: Called Strike
2-2: Strikes out swinging
Top of the 8th over - 2 runs, 1 hit, 0 errors, 0 left on base; Bethesda 11 - Minnesota 5
BOTTOM OF THE 8TH
Minnesota Loons batting - Pitching for Bethesda Atoms : RHP Kang-keun Yong
Batting: RHB Martin Mullinger 0-0: Called Strike
0-1: Swinging Strike
0-2: Strikes out swinging
Batting: RHB Tso-i Joo 0-0: Ball
1-0: Ball
2-0: Called Strike
2-1: Ball
3-1: Swinging Strike
3-2: Foul Ball, location: 2F
3-2: Ground out 6-3 (Groundball, 6, EV 103.8 MPH)
Batting: LHB Derrek Guthrie 0-0: Swinging Strike
0-1: Ball
1-1: Ball
2-1: Swinging Strike
2-2: Ball
3-2: Strikes out looking
Bottom of the 8th over - 0 runs, 0 hits, 0 errors, 0 left on base; Bethesda 11 - Minnesota 5
TOP OF THE 9TH
Bethesda Atoms batting - Pitching for Minnesota Loons : RHP John Lee
Pitching: RHP Maxwell Security
Batting: RHB Will Gamble 0-0: Swinging Strike
0-1: Ball
1-1: Foul Ball, location: 2F
1-2: Foul Ball, location: 2F
1-2: Strikes out swinging
Batting: LHB Jin-song Au-Yong 0-0: Foul Ball, location: 2F
0-1: SINGLE (Groundball, 3S, EV 88.1 MPH) (infield hit)
Batting: RHB Pepe Rodríguez 0-0: Called Strike
0-1: Called Strike
0-2: Ball
1-2: Strikes out swinging
Batting: RHB Anthony McGee 0-0: Foul Ball, location: 2F
0-1: Foul Ball, location: 2F
0-2: Ball
1-2: Foul Ball, location: 2F
1-2: Foul Ball, location: 2F
1-2: Ball
2-2: Ball
3-2: Foul Ball, location: 2F
3-2: Strikes out swinging
Top of the 9th over - 0 runs, 1 hit, 0 errors, 1 left on base; Bethesda 11 - Minnesota 5
BOTTOM OF THE 9TH
Minnesota Loons batting - Pitching for Bethesda Atoms : RHP Kang-keun Yong
Batting: LHB Steve Williams 0-0: Ball
1-0: SINGLE (Groundball, 4MD, EV 95.6 MPH)
Batting: RHB Dan Barnes 0-0: Called Strike
0-1: Ball
1-1: Foul Ball, location: 2F
1-2: Strikes out swinging
Batting: RHB Sergei Adjubei 0-0: Called Strike
0-1: Ball
1-1: Ball
2-1: Ball
3-1: Called Strike
3-2: Base on Balls
Steve Williams to second
Batting: SHB Pavlushenka Galanov 0-0: Ball
1-0: Ball
2-0: Foul Ball, location: 2F
2-1: Swinging Strike
2-2: SINGLE (Groundball, 6, EV 102.5 MPH) (infield hit)
Steve Williams to third
Sergei Adjubei to second
Pitching: LHP Robert Karabanov
Batting: RHB Alberto Zúñiga 0-0: Foul Ball, location: 2F
0-1: SINGLE (Groundball, 4D, EV 97.5 MPH)
Steve Williams scores
Sergei Adjubei to third
Pavlushenka Galanov to second
Batting: RHB José Garrastazu 0-0: Ball
1-0: Ball
2-0: Called Strike
2-1: Ball
3-1: Base on Balls
Sergei Adjubei scores
Pavlushenka Galanov to third
Alberto Zúñiga to second
Batting: RHB Martin Mullinger 0-0: Ball
1-0: Called Strike
1-1: Swinging Strike
1-2: Foul Ball, location: 2F
1-2: Strikes out swinging
Batting: RHB Tso-i Joo 0-0: Fielders Choice at 2nd, 6-4 (Groundball, 6, EV 108.1 MPH)
Bottom of the 9th over - 2 runs, 3 hits, 0 errors, 3 left on base; Bethesda 11 - Minnesota 7
Friday, March 26th, 2021 - OOTP Baseball 20.8 Build 74